Map: [ESL] Site Delta

Players

Astrea - Winner!

  • Race: Protoss Protoss
  • Spawn Location: 11:00

Scarlett

  • Race: Zerg Zerg
  • Spawn Location: 5:00

Event: ESL Spring 2024 Finals

VOD

Have the link to the VOD?

Description

Time

  • Played on: June 1, 2024, 11:54 a.m.
  • Length: 15:06

All games in this series

Show
View Real Time Build Order
Export as new Build Order

Astrea Protoss - Winner!

Build Orders: 1 Gate Expand, Oracle Opening, Archon Immortal 

Get SALT Encoding   

  12  0:00  Probe  
  13  0:12  Probe  
  14  0:17  Pylon  
  14  0:24  Probe (Chrono Boost)  
  15  0:36  Probe (Chrono Boost)  
  15  0:38  Gateway  
  16  0:45  Probe (Chrono Boost)  
  16  0:49  Assimilator  
  17  0:51  Probe  
  18  1:03  Probe  
  19  1:15  Probe  
  20  1:24  Nexus  
  20  1:27  Probe  
  21  1:38  Cybernetics Core  
  21  1:42  Assimilator  
  21  1:44  Probe  
  22  1:52  Pylon  
  22  1:56  Probe  
  23  2:11  Adept (Chrono Boost), Probe (Chrono Boost)  
  26  2:20  Probe (Chrono Boost)  
  26  2:21  Stargate  
  27  2:25  Probe (Chrono Boost)  
  27  2:29  Warp Gate  
  28  2:35  Adept  
  28  2:36  Probe (Chrono Boost)  
  31  2:42  Probe (Chrono Boost)  
  32  2:47  Probe (Chrono Boost)  
  34  2:51  Probe (Chrono Boost)  
  34  2:52  Probe (Chrono Boost)  
  35  3:01  Probe  
  35  3:03  Probe  
  37  3:05  Oracle  
  40  3:13  Probe  
  40  3:15  Probe  
  42  3:20  Nexus  
  42  3:24  Pylon  
  42  3:26  Probe  
  43  3:29  Probe  
  44  3:39  Probe  
  45  3:44  Probe  
  45  3:46  Void Ray (Chrono Boost)  
  50  3:51  Probe  
  51  3:56  Probe  
  52  4:05  Forge, Pylon  
  52  4:06  Twilight Council  
  52  4:10  Pylon  
  52  4:14  Gateway  
  52  4:19  Gateway x2  
  52  4:21  Probe x2  
  54  4:25  Assimilator  
  54  4:31  Zealot, Probe, Protoss Ground Weapons Level 1 (Chrono Boost)  
  56  4:33  Probe  
  56  4:34  Charge (Chrono Boost)  
  58  4:40  Probe  
  58  4:43  Shield Battery  
  58  4:44  Probe  
  60  4:46  Pylon  
  60  4:51  Probe  
  60  4:52  Zealot, Probe  
  64  4:57  Probe  
  65  5:03  Probe  
  65  5:04  Probe  
  65  5:06  Pylon  
  67  5:09  Probe  
  67  5:13  Zealot  
  67  5:14  Zealot x3  
  74  5:15  Probe  
  74  5:17  Probe  
  74  5:21  Probe  
  78  5:27  Probe  
  79  5:29  Pylon, Probe  
  79  5:33  Probe  
  79  5:34  Zealot x4  
  89  5:39  Probe  
  89  5:41  Probe  
  90  5:45  Probe  
  91  5:56  Zealot x4  
  99  5:59  Probe x2  
  99  6:03  Robotics Facility x2  
  99  6:04  Pylon  
  101  6:10  Probe  
  102  6:12  Pylon  
  102  6:13  Assimilator  
  102  6:15  Assimilator x2  
  102  6:17  Assimilator, Zealot x3  
  102  6:18  Pylon  
  108  6:34  Zealot, Protoss Ground Weapons Level 2 (Chrono Boost)  
  108  6:35  Probe x2  
  108  6:38  Probe  
  107  6:47  Zealot x3  
  111  6:56  Zealot, Immortal x2 (Chrono Boost)  
  111  7:01  Pylon  
  113  7:04  Templar Archives  
  109  7:11  Zealot x3, Nexus  
  105  7:22  Pylon  
  95  7:24  Gateway  
  95  7:25  Immortal (Chrono Boost)  
  95  7:28  Gateway  
  95  7:29  Psionic Storm  
  101  7:38  Observer (Chrono Boost)  
  101  7:41  High Templar x3  
  101  7:44  Probe x3, Photon Cannon  
  105  7:46  Photon Cannon  
  105  7:48  Shield Battery  
  105  7:54  Immortal (Chrono Boost)  
  105  7:55  Immortal (Chrono Boost)  
  105  7:56  Probe  
  114  7:59  Probe x2  
  116  8:09  Probe  
  116  8:11  Probe  
  118  8:14  Assimilator, Photon Cannon  
  118  8:16  High Templar x2  
  118  8:17  Photon Cannon  
  118  8:18  Assimilator  
  122  8:20  Shield Battery  
  122  8:21  Probe x2  
  122  8:22  Photon Cannon  
  122  8:25  Pylon  
  128  8:36  Immortal x2 (Chrono Boost)  
  128  8:39  High Templar x2  
  134  8:50  Pylon  
  134  8:51  Protoss Ground Weapons Level 3 (Chrono Boost)  
  132  9:01  Forge  
  132  9:03  Pylon  
  132  9:05  Zealot x4, Immortal (Chrono Boost)  
  140  9:16  High Templar x2  
  144  9:19  Warp Prism (Chrono Boost)  
  144  9:21  Archon  
  144  9:26  Gateway  
  144  9:30  Gateway  
  144  9:32  Gateway  
  144  9:33  Gateway  
  144  9:34  High Templar x2  
  144  9:35  Zealot x2  
  152  9:38  Archon  
  152  9:39  Immortal (Chrono Boost)  
  152  9:40  Protoss Shields Level 1 (Chrono Boost)  
  152  9:45  Immortal (Chrono Boost)  
  160  9:50  Pylon  
  160  9:52  Pylon  
  160  10:01  Fleet Beacon  
  158  10:10  Protoss Air Weapons Level 1 (Chrono Boost)  
  152  10:15  Immortal  
  152  10:17  Immortal  
  152  10:18  Zealot x3  
  152  10:19  Zealot x3  
  170  10:32  Gateway x2  
  170  10:38  Zealot x6  
  188  10:58  Mothership (Chrono Boost)  
  188  11:02  Nexus  
  188  11:04  Oracle  
  189  11:25  Stargate  
  189  11:27  Stargate  
  189  11:33  Photon Cannon x2  
  189  11:41  Oracle  
  189  11:47  Pylon  
  192  11:48  Zealot x2  
  192  11:49  Pylon  
  196  11:55  Zealot  
  196  11:58  Pylon  
  196  12:01  Zealot x3  
  194  12:08  Probe x2 (Chrono Boost)  
  187  12:09  Probe (Chrono Boost)  
  187  12:11  Photon Cannon x2  
  181  12:16  High Templar x2  
  181  12:18  Probe (Chrono Boost)  
  181  12:20  Probe x2 (Chrono Boost)  
  180  12:23  Probe (Chrono Boost)  
  180  12:26  Probe (Chrono Boost)  
  180  12:27  Probe (Chrono Boost)  
  180  12:28  Probe x2 (Chrono Boost)  
  175  12:31  Probe (Chrono Boost)  
  175  12:35  Probe, Carrier x2  
  193  12:37  Probe  
  193  12:38  Void Ray  
  193  12:43  Photon Cannon  
  189  12:50  Zealot x4  
  181  12:52  High Templar x5  
  181  12:56  Observer (Chrono Boost)  
  184  13:00  Immortal (Chrono Boost)  
  184  13:05  Unknown  
  163  13:18  High Templar  
  163  13:19  High Templar x3  
  166  13:20  High Templar x2  
  166  13:21  Immortal  
  166  13:23  Archon x2  
  166  13:24  Archon  
  166  13:31  Zealot x6  
  175  13:38  Probe x4  
  177  13:51  Mothership (Chrono Boost)  
  177  13:53  Carrier (Chrono Boost)  
  164  14:15  Zealot x3  
  164  14:16  Zealot x2  
  154  14:51  Zealot x2  
  154  14:52  Probe  
  163  14:53  Probe  
Show
View Real Time Build Order
Export as new Build Order

Scarlett Zerg 

Build Orders: Hatch First, Lurkers 

Get SALT Encoding   

  12  0:00  Drone  
  13  0:10  Drone  
  13  0:14  Drone, Extractor  
  15  0:21  Overlord  
  15  0:44  Hatchery  
  15  0:46  Drone  
  15  0:49  Drone  
  16  0:53  Drone  
  17  1:00  Drone  
  18  1:06  Extractor  
  17  1:16  Spawning Pool  
  17  1:18  Drone  
  17  1:20  Drone  
  18  1:29  Drone  
  19  1:41  Drone  
  20  1:50  Drone  
  21  1:56  Drone  
  22  2:06  Metabolic Boost  
  22  2:08  Queen  
  24  2:09  Queen  
  26  2:19  Hatchery  
  26  2:22  Drone  
  26  2:24  Drone  
  26  2:28  Overlord  
  27  2:33  Drone  
  28  2:47  Zergling x6  
  28  2:48  Queen  
  33  2:52  Overlord  
  33  2:54  Drone x2  
  35  3:09  Drone, Overlord  
  35  3:10  Queen  
  35  3:11  Drone  
  39  3:17  Drone  
  39  3:18  Drone x3  
  43  3:27  Queen  
  43  3:30  Drone x2  
  43  3:33  Queen  
  49  3:34  Drone  
  50  3:42  Drone x2  
  50  3:44  Drone  
  53  3:49  Spore Crawler  
  53  3:51  Drone, Overlord  
  53  3:55  Drone x4  
  56  4:02  Overlord, Evolution Chamber  
  55  4:05  Drone  
  55  4:06  Drone x2  
  55  4:09  Overlord  
  58  4:14  Drone x2  
  58  4:15  Spore Crawler  
  59  4:21  Drone x2  
  59  4:23  Drone x4  
  65  4:27  Zergling x6  
  65  4:30  Overlord  
  68  4:34  Overlord  
  68  4:35  Zerg Melee Weapons Level 1  
  68  4:41  Overlord  
  68  4:44  Drone x5  
  73  4:47  Drone  
  74  4:58  Spore Crawler  
  74  4:59  Hatchery  
  72  5:03  Drone  
  72  5:06  Drone x11  
  84  5:12  Lair  
  84  5:14  Overlord  
  84  5:17  Zergling x4  
  85  5:23  Extractor x2  
  85  5:25  Overlord, Extractor x2  
  85  5:27  Extractor  
  80  5:28  Drone x2  
  80  5:31  Hatchery  
  80  5:32  Drone x4  
  85  5:41  Hatchery  
  84  5:43  Zergling x12  
  89  5:50  Drone  
  89  5:51  Overlord  
  89  5:55  Zergling x4  
  92  6:00  Spine Crawler, Overlord  
  92  6:02  Zergling x8  
  94  6:13  Baneling Nest  
  94  6:14  Spine Crawler, Zergling x18  
  101  6:21  Zergling x4, Evolution Chamber  
  101  6:22  Hydralisk Den  
  101  6:28  Zergling x14  
  104  6:35  Zergling x4  
  97  6:42  Zergling x6  
  97  6:46  Zergling x10  
  98  6:54  Hydralisk x6  
  93  7:11  Zergling x16  
  93  7:12  Zergling x2  
  93  7:22  Hydralisk x2  
  92  7:31  Drone  
  92  7:32  Drone x7  
  92  7:35  Hydralisk  
  97  7:42  Zerg Missile Weapons Level 1  
  97  7:43  Muscular Augments  
  96  7:46  Drone x2  
  96  7:47  Drone x2, Infestation Pit  
  98  7:57  Drone x8  
  103  8:01  Drone x2  
  103  8:05  Centrifugal Hooks  
  105  8:08  Drone x5  
  110  8:13  Baneling x5  
  110  8:14  Baneling  
  110  8:21  Drone  
  110  8:24  Drone, Hive, Hydralisk x2  
  110  8:26  Lurker Den  
  115  8:39  Hydralisk x4  
  122  8:41  Hydralisk x3  
  122  8:45  Drone x9  
  136  8:50  Hydralisk x2  
  138  8:56  Overlord x3  
  138  8:57  Extractor  
  138  8:58  Extractor  
  138  8:59  Zergling x6  
  138  9:00  Overseer  
  139  9:09  Zergling x10  
  140  9:12  Overlord x5  
  140  9:23  Hydralisk  
  140  9:24  Hydralisk x5  
  138  9:28  Lurker x5  
  154  9:32  Lurker x3  
  154  9:37  Baneling x7  
  157  9:41  Zergling x10  
  157  9:42  Zergling x10  
  167  9:48  Seismic Spines  
  166  9:55  Zergling x20  
  166  9:58  Lurker  
  166  9:59  Lurker x2  
  176  10:07  Hydralisk  
  176  10:08  Zergling x8, Hydralisk x3  
  179  10:17  Nydus Network  
  179  10:18  Overlord  
  175  10:27  Overlord x2  
  175  10:29  Overseer  
  175  10:31  Hydralisk x3  
  175  10:33  Lurker  
  175  10:34  Overlord  
  182  10:36  Zergling x2, Extractor x2  
  182  10:37  Zergling x12  
  182  10:38  Overseer  
  182  10:40  Drone x2  
  189  10:52  Adaptive Talons  
  187  10:59  Lurker x3  
  190  11:05  Lurker  
  190  11:13  Lurker  
  190  11:16  Drone x2  
  190  11:17  Spine Crawler  
  190  11:18  Spine Crawler  
  191  11:19  Spore Crawler x2  
  191  11:23  Zergling x2, Lurker x2  
  191  11:24  Zergling x20  
  200  11:27  Baneling x3  
  200  11:40  Hatchery  
  199  11:47  Nydus Canal  
  199  11:48  Overlord  
  173  12:06  Nydus Canal  
  161  12:12  Hydralisk x10  
  161  12:13  Zergling x16  
  173  12:22  Adrenal Glands  
  165  12:26  Nydus Canal  
  165  12:29  Hydralisk x5  
  175  12:40  Hatchery  
  175  12:43  Nydus Canal  
  171  12:47  Hydralisk x6  
  171  12:48  Zergling x8  
  151  12:57  Hydralisk x4  
  157  13:09  Zergling x2, Hydralisk x5  
  143  13:15  Lurker  
  133  13:21  Hydralisk x2  
  133  13:22  Zergling x2  
  128  13:31  Nydus Canal  
  122  13:36  Hatchery  
  122  13:39  Zergling x2, Hydralisk x4  
  122  13:40  Zergling x8  
  111  13:56  Hydralisk x4  
  110  14:07  Hydralisk x3  
  110  14:08  Zergling x2  
  109  14:14  Hydralisk  
  109  14:15  Zergling x8  
  107  14:19  Overlord  
  107  14:22  Hydralisk x2  
  107  14:23  Zergling x6  
  101  14:42  Zergling x20  
  102  14:47  Zergling x2  
Tags
 
Add a new tag
Caveats
  • Supply blocks, unpowered buildings, or Contaminate may cause inaccurate times.
  • Supply counts are checked every 10 seconds.